 Dungeon Crawl Stone Soup version 0.30-a0-691-g754fce4c43 (webtiles) character file.

Game seed: 10024123600531007796

384 BigDaddyOpFi the Covered (level 6, -8/34 (39) HPs)
             Began as a Tengu Fighter on Jan 19, 2023.
             Mangled by an orc warrior
             ... wielding a +1 battleaxe of draining
              (11 damage)
             ... on level 3 of the Dungeon.
             The game lasted 00:03:20 (2889 turns).

BigDaddyOpFi the Covered (Tengu Fighter)            Turns: 2889, Time: 00:03:21

HP:   -8/34 (39)    AC:  8    Str: 18    XL:     6   Next: 77%
MP:   7/7           EV: 10    Int:  6    God:
Gold: 167           SH:  5    Dex: 14    Spells: 5/5 levels left

rFire   . . .      SeeInvis .    a - +0 war axe (vamp)
rCold   . . .      Faith    .    c - +0 buckler
rNeg    . . .      Spirit   .    b - +0 scale mail
rPois   .          Reflect  .    (helmet restricted)
rElec   .          Harm     .    (no cloak)
rCorr   .          Rampage  .    m - +0 pair of gloves
Will    .....                    (boots unavailable) Stlth
                                 k - amulet of the acrobat
HPRegen 0.25/turn                (no ring)
MPRegen 0.10/turn                (no ring)

@: mighty, brilliant, flying quickly and evasively, heavily drained, quick
A: beak, talons 3, nimble flight, dopey 1, devolution 1
a: no special abilities


You were on level 3 of the Dungeon.
You visited 1 branch of the dungeon, and saw 4 of its levels.
You also visited: Sewer.

You collected 167 gold pieces.

Inventory:

Hand Weapons
 a - a +0 vampiric war axe (weapon)
Armour
 b - a +0 scale mail (worn)
 c - a +0 buckler (worn)
 m - a +0 pair of gloves (worn)
Jewellery
 k - an amulet of the acrobat (around neck)
Scrolls
 f - a scroll of poison
 i - 2 scrolls of identify
 j - a scroll of fear {unknown}
 l - 2 scrolls of blinking {unknown}
 q - a scroll of butterflies {unknown}
Potions
 e - a potion of mutation
 g - a potion of brilliance
 h - 2 potions of heal wounds {unknown}
 n - a potion of haste {unknown}
 o - a potion of invisibility {unknown}
 p - a potion of curing {unknown}


   Skills:
 + Level 4.4 Fighting
 + Level 4.2 Axes
 + Level 4.9 Armour
 + Level 4.4 Shields


You had 5 spell levels left.
You didn't know any spells.
Your spell library contained the following spells:

 Spells                   Type           Power      Damage    Failure   Level
 Freeze                   Ice            0%         1d3       88%         1
 Frozen Ramparts          Ice            0%         1d1       99%         3
 Hailstorm                Conj/Ice       0%         3d3       99%         3


Dungeon Overview and Level Annotations

Branches:
Dungeon (4/15)              Sewer (visited)
 Temple: D:4-7

Altars:
Sif Muna
Xom
Yredelemnul


Innate Abilities, Weirdness & Mutations

You have a beak for a mouth.
You have claws for feet.
Your magical nature lets you fly swiftly and evasively.
You are dopey. (Int -2)
You have hidden genetic defects.


Message History

An orc warrior comes into view.
It is wielding a +1 battleaxe of draining.
There are monsters nearby!
An orc comes into view. It is wielding a +0 dagger.
The orc shouts!
You hear a shout! x3
There are monsters nearby!
An orc wizard and an orc priest come into view.
The orc wizard shouts!
The orc priest shouts!
The orc wizard moves out of view.
The orc priest looks satisfied for a moment.
There is a stone staircase leading up here.
The orc wizard casts a spell.
The orc wizard flickers and vanishes!
Deactivating autopickup; reactivate with Ctrl-A.
The orc warrior closely misses you.
You fly upwards.
Reactivating autopickup.
There is a stone staircase leading down here.
You hit the orc warrior but do no damage.
Your kick misses the orc warrior. The orc warrior misses you.
The orc warrior closely misses you.
You closely miss the orc warrior.
You peck the orc warrior, but do no damage.
The orc warrior hits you with a +1 battleaxe of draining!
You feel drained.
You hit the orc warrior but do no damage.
The orc warrior hits you with a +1 battleaxe of draining!
You feel drained.
It was a potion of mutation.
You feel extremely strange.
You feel a hidden malignance growing inside you.
You feel stupid.
The orc warrior hits you with a +1 battleaxe of draining!
* * * LOW HITPOINT WARNING * * *
You feel drained.
* * * LOW HITPOINT WARNING * * *
It was a potion of brilliance.
You feel clever all of a sudden. The orc warrior barely misses you.
You feel very mighty all of a sudden.
The orc warrior hits you with a +1 battleaxe of draining!
You die...

#......# ####### #......##
#...... ####.......# #......
#.####.P.P.# #...... #.####.._..#
#...... ######...##.P.P.# #......
#.[....#..#.....# ###.<....
##.####.......##### #........
#..# #.#.#..@....# ##........
####.#####.#.###.o...###.........
...#.....#.#..#..........#.......
..........(##.....#####....######
..†.).........###.####...#...##
.......................###.#..###
..................##....##.##.##.
..................###............
..................##.............


You could see an orc warrior.

Vanquished Creatures
  The ghost of FireHeadGirl the Trooper, an amateur DgHs (D:3)
  Pargi (Sewer)
  A gnoll bouda (D:3)
  2 adders
  4 gnolls
  4 dart slugs
  8 endoplasms
  5 giant cockroaches
  6 goblins
  A hobgoblin (D:1)
  5 jackals (D:2)
  5 kobolds
  8 quokkas
  5 ball pythons
  12 bats
  2 rats (D:3)
70 creatures vanquished.

Notes
Turn   | Place    | Note
-------+----------+-------------------------------------------
     0 | D:1      | BigDaddyOpFi the Tengu Fighter began the quest for the Orb.
     0 | D:1      | Reached XP level 1. HP: 14/14 MP: 2/2
   220 | D:1      | You fall into a shaft and drop 1 floor!
   342 | D:2      | Reached XP level 2. HP: 19/19 MP: 3/3
   830 | D:1      | Reached XP level 3. HP: 23/23 MP: 4/4
  1854 | D:3      | Reached XP level 4. HP: 28/28 MP: 5/5
  1881 | D:3      | Found a shimmering blue altar of Sif Muna.
  1969 | D:3      | Found a large runed translucent door.
  1969 | D:3      | Found a large runed translucent door.
  1970 | D:3      | Noticed FireHeadGirl's ghost (amateur DgHs)
  2094 | D:3      | Found a glowing drain.
  2117 | Sewer    | Entered a sewer
  2130 | Sewer    | Noticed Pargi
  2136 | Sewer    | Killed Pargi
  2137 | Sewer    | Gained mutation: Your magical nature lets you fly swiftly
                  | and evasively. [Tengu growth]
  2137 | Sewer    | Reached XP level 5. HP: 25/33 MP: 6/6
  2297 | D:3      | Found a shimmering altar of Xom.
  2389 | D:3      | Found a basalt altar of Yredelemnul.
  2562 | D:3      | Killed FireHeadGirl's ghost
  2563 | D:3      | Reached XP level 6. HP: 36/39 MP: 7/7
  2869 | D:4      | Noticed an orc warrior
  2887 | D:3      | Gained mutation: You have hidden genetic defects. [potion
                  | of mutation]
  2887 | D:3      | Gained mutation: You are dopey. (Int -2) [potion of
                  | mutation]
  2889 | D:3      | Mangled by an orc warrior

Illustrated notes

Levels and vault maps discovered:
D:1:      minmay_arrival_diagonal_passages, layout_loops_corners,
          minmay_surrounded
D:2:      layout_loops_corners, grunt_ministairs_7
D:3:      layout_rooms, yredelemnul_altar_generic,
          mainiacjoe_overflow_cross_hatched, nicolae_sif_muna_condensation,
          ebering_ghost_disaster_area, gup_sewer_entry_pipe
D:4:      layout_basic, minmay_temple_entry_grid, uniq_menkaure

Skill      XL: |  1  2  3  4  5 |
---------------+----------------+-----
Axes           | 3 4 |  4.2
Armour         | 4 |  4.9
Fighting       | 4 |  4.4
Shields        | 4 |  4.4

Action                   |  1- 3 |  4- 6 || total
-------------------------+-------+-------++-------
Melee: War axe           |    78 |    83 ||   161
       Kick              |    13 |    16 ||    29
       Peck              |     7 |    12 ||    19
  Use: Scroll            |     4 |       ||     4
       Potion            |       |     5 ||     5
Armor: Scale mail        |    42 |    37 ||    79
Dodge: Dodged            |    43 |    55 ||    98
Block: Buckler           |    18 |    18 ||    36

Table legend: (Time is in decaauts)
 A = Elapsed time spent in this place.
 B = Non-inter-level travel time spent in this place.
 C = Inter-level travel time spent in this place.
 D = Time resting spent in this place.
 E = Time spent auto-exploring this place.
 F = Levels seen in this place.
 G = Mean time per level.
                   A        B        C        D        E       F      G
               +--------+--------+--------+--------+--------+-----+--------+
         Total |   2916 |   2768 |    148 |    225 |   1989 |   5 |  583.2 |
       Dungeon |   2754 |   2606 |    148 |    183 |   1929 |   4 |  688.5 |
         Sewer |    162 |    162 |      0 |     42 |     60 |   1 |  162.0 |
               +--------+--------+--------+--------+--------+-----+--------+

Top non-repeatable levels by time:
     D:2: 944 daAuts
     D:1: 908 daAuts
     D:3: 820 daAuts
   Sewer: 162 daAuts
     D:4: 80 daAuts
